TOP OF THE 1ST |
Winnipeg Goldeyes batting - Pitching for Oakland Oaks : RHP Jasper Schrijver
|
Pitching: RHP Jasper Schrijver
|
|
Batting: RHB Caleb Bockmann
|
0-0: Foul Ball, location: 2F 0-1: Fly out, F8 (Flyball, 8RM, EV 98.1 MPH)
|
Batting: LHB Jon Ventura
|
0-0: Fly out, F5 (Popup, 25F, EV 91.2 MPH)
|
Batting: RHB Tim Carter
|
0-0: Foul Ball, location: 2F 0-1: Swinging Strike 0-2: Fly out, F7 (Flyball, 7, EV 73.1 MPH)
|
Top of the 1st over - 0 runs, 0 hits, 0 errors, 0 left on base; Winnipeg 0 - Oakland 0 |
BOTTOM OF THE 1ST |
Oakland Oaks batting - Pitching for Winnipeg Goldeyes : LHP Jon Lizarraga
|
Pitching: LHP Jon Lizarraga
|
|
Batting: RHB Chris Bohm
|
0-0: Ball 1-0: Ball 2-0: Ball 3-0: Called Strike 3-1: Base on Balls
|
Batting: RHB Scott Lister
|
0-0: Ball 1-0: Called Strike 1-1: Ball 2-1: Called Strike 2-2: Foul Ball, location: 2F 2-2: Fly out, F7 (Line Drive, 7LS, EV 88.1 MPH)
|
Batting: RHB Chris Temple
|
0-0: Ball Chris Bohm is caught stealing 2nd base 2-4 1-0: Ball 2-0: Fly out, F8 (Flyball, 8LD, EV 76.2 MPH)
|
Bottom of the 1st over - 0 runs, 0 hits, 0 errors, 0 left on base; Winnipeg 0 - Oakland 0 |
TOP OF THE 2ND |
Winnipeg Goldeyes batting - Pitching for Oakland Oaks : RHP Jasper Schrijver
|
Batting: LHB Marshall Daul
|
0-0: Ball 1-0: Foul Ball, location: 2F 1-1: Ball 2-1: DOUBLE (Line Drive, 89XD, EV 106.9 MPH)
|
Batting: RHB Sergio Gomez
|
0-0: Foul Ball, location: 2F 0-1: Foul Ball, location: 2F 0-2: Ball 1-2: Ball 2-2: Foul Ball, location: 2F 2-2: Ball 3-2: Foul Ball, location: 2F 3-2: SINGLE (Groundball, 4MD, EV 108.8 MPH) Marshall Daul to third Runner from 3rd tries for Home, throw by CF and OUT! 8-2
|
Batting: LHB David Ramos
|
0-0: Foul Ball, location: 2F 0-1: Ball 1-1: Ball 2-1: Ball 3-1: SINGLE (Groundball, 6MS, EV 81.2 MPH) (infield hit) Sergio Gomez to second
|
Batting: RHB Terry Oetker
|
0-0: Ball 1-0: Called Strike 1-1: Ground out 4-3 (Groundball, 4S, EV 68.1 MPH) Sergio Gomez to third David Ramos to second
|
Pinch Hitting: LHB Shaun Price
|
0-0: Ball 1-0: Swinging Strike 1-1: Swinging Strike 1-2: Strikes out swinging
|
Top of the 2nd over - 0 runs, 3 hits, 0 errors, 2 left on base; Winnipeg 0 - Oakland 0 |
BOTTOM OF THE 2ND |
Oakland Oaks batting - Pitching for Winnipeg Goldeyes : LHP Jon Lizarraga
|
Now at 1B: Shaun Price
|
|
Now in LF: Jon Ventura
|
|
Now in CF: Marshall Daul
|
|
Batting: RHB Walt Alaniz
|
0-0: Foul Ball, location: 2F 0-1: Ball 1-1: Called Strike 1-2: Strikes out swinging
|
Batting: RHB Travis Robinson
|
0-0: Foul Ball, location: 2F 0-1: Ball 1-1: Called Strike 1-2: Ball 2-2: Ball 3-2: Fly out, F7 (Flyball, 7, EV 94.4 MPH)
|
Batting: LHB Ed Talamantes
|
0-0: Ground out U3 (Groundball, 34, EV 86.2 MPH)
|
Bottom of the 2nd over - 0 runs, 0 hits, 0 errors, 0 left on base; Winnipeg 0 - Oakland 0 |
TOP OF THE 3RD |
Winnipeg Goldeyes batting - Pitching for Oakland Oaks : RHP Jasper Schrijver
|
Batting: RHB Hisao Takei
|
0-0: Ball 1-0: Ball 2-0: Called Strike 2-1: SINGLE (Groundball, 6S, EV 73.1 MPH) (infield hit)
|
Batting: RHB Caleb Bockmann
|
0-0: Foul Ball, location: 2F 0-1: Fielders Choice at 2nd, 1-4 (Groundball, P, EV 75.6 MPH)
|
Batting: LHB Jon Ventura
|
0-0: Ball 1-0: Ball Caleb Bockmann is caught stealing 2nd base 2-6 2-0: Ball 3-0: Base on Balls
|
Batting: RHB Tim Carter
|
0-0: Fielders Choice at 2nd, 6-4 (Groundball, 6, EV 104.4 MPH)
|
Top of the 3rd over - 0 runs, 1 hit, 0 errors, 1 left on base; Winnipeg 0 - Oakland 0 |
BOTTOM OF THE 3RD |
Oakland Oaks batting - Pitching for Winnipeg Goldeyes : LHP Jon Lizarraga
|
Batting: RHB Don Burt
|
0-0: Ball 1-0: Ball 2-0: Called Strike 2-1: Called Strike 2-2: Ball 3-2: Strikes out swinging
|
Batting: RHB Ricardo Claros
|
0-0: Ball 1-0: Ball 2-0: Ball 3-0: SOLO HOME RUN (Flyball, 7LD, EV 96.9 MPH), Distance : 338 ft
|
Batting: RHB Tim Anderson
|
0-0: Ball 1-0: Called Strike 1-1: Foul Ball, location: 2F 1-2: Ball 2-2: Strikes out swinging
|
Batting: RHB Chris Bohm
|
0-0: Called Strike 0-1: Swinging Strike 0-2: Ball 1-2: Ball 2-2: Ball 3-2: Foul Ball, location: 2F 3-2: Fly out, F3 (Line Drive, 34, EV 69.4 MPH)
|
Bottom of the 3rd over - 1 run, 1 hit, 0 errors, 0 left on base; Winnipeg 0 - Oakland 1 |
TOP OF THE 4TH |
Winnipeg Goldeyes batting - Pitching for Oakland Oaks : RHP Jasper Schrijver
|
Batting: LHB Marshall Daul
|
0-0: Ball 1-0: Ball 2-0: Ground out 4-3 (Groundball, 4, EV 86.2 MPH)
|
Batting: RHB Sergio Gomez
|
0-0: Ball 1-0: Ground out 4-3 (Groundball, 4M, EV 103.1 MPH)
|
Batting: LHB David Ramos
|
0-0: Ball 1-0: Ball 2-0: Fly out, F7 (Flyball, 78S, EV 88.8 MPH)
|
Top of the 4th over - 0 runs, 0 hits, 0 errors, 0 left on base; Winnipeg 0 - Oakland 1 |
BOTTOM OF THE 4TH |
Oakland Oaks batting - Pitching for Winnipeg Goldeyes : LHP Jon Lizarraga
|
Batting: RHB Scott Lister
|
0-0: Ball 1-0: Ball 2-0: Ball 3-0: Base on Balls
|
Batting: RHB Chris Temple
|
0-0: Called Strike 0-1: SINGLE (Groundball, 6M, EV 104.4 MPH) Scott Lister to second Scott Lister to third
|
Batting: RHB Walt Alaniz
|
0-0: Swinging Strike 0-1: Ball 1-1: Swinging Strike 1-2: Grounds into double play, U6-3 (Groundball, 4M, EV 81.9 MPH) Scott Lister scores
|
Batting: RHB Travis Robinson
|
0-0: Ball 1-0: Foul Ball, location: 2F 1-1: Ball 2-1: Ball 3-1: Called Strike 3-2: Strikes out swinging
|
Bottom of the 4th over - 1 run, 1 hit, 0 errors, 0 left on base; Winnipeg 0 - Oakland 2 |
TOP OF THE 5TH |
Winnipeg Goldeyes batting - Pitching for Oakland Oaks : RHP Jasper Schrijver
|
Batting: RHB Terry Oetker
|
0-0: Ball 1-0: Ball 2-0: Ball 3-0: Called Strike 3-1: Foul Ball, location: 2F 3-2: SINGLE (Groundball, 4MD, EV 100.6 MPH) (infield hit)
|
Batting: LHB Shaun Price
|
0-0: Ball 1-0: Ball 2-0: Foul Ball, location: 2F 2-1: Foul Ball, location: 2F 2-2: Foul Ball, location: 2F 2-2: Ball 3-2: Base on Balls Terry Oetker to second
|
Batting: RHB Hisao Takei
|
0-0: Called Strike 0-1: Called Strike 0-2: Ball 1-2: Foul Ball, location: 2F 1-2: Grounds into double play, 6-4-3 (Groundball, 6, EV 105.6 MPH) Terry Oetker to third
|
Batting: RHB Caleb Bockmann
|
0-0: Foul Ball, location: 2F 0-1: Ball 1-1: Ball 2-1: Ball 3-1: Called Strike 3-2: Foul Ball, location: 2F 3-2: Base on Balls
|
Batting: LHB Jon Ventura
|
Pickoff Throw to First - Out! 1-3
|
Top of the 5th over - 0 runs, 1 hit, 0 errors, 1 left on base; Winnipeg 0 - Oakland 2 |
BOTTOM OF THE 5TH |
Oakland Oaks batting - Pitching for Winnipeg Goldeyes : LHP Jon Lizarraga
|
Batting: LHB Ed Talamantes
|
0-0: Foul Ball, location: 2F 0-1: Ground out 5-3 (Groundball, 56, EV 88.1 MPH)
|
Batting: RHB Don Burt
|
0-0: Ball 1-0: Fly out, F9 (Flyball, 9LM, EV 75.6 MPH)
|
Batting: RHB Ricardo Claros
|
0-0: Called Strike 0-1: Foul Ball, location: 2F 0-2: Strikes out swinging
|
Bottom of the 5th over - 0 runs, 0 hits, 0 errors, 0 left on base; Winnipeg 0 - Oakland 2 |
TOP OF THE 6TH |
Winnipeg Goldeyes batting - Pitching for Oakland Oaks : RHP Jasper Schrijver
|
Batting: LHB Jon Ventura
|
0-0: TRIPLE (Line Drive, 8LXD, EV 107.5 MPH)
|
Pitching: RHP Victor Sanchez
|
|
Batting: RHB Tim Carter
|
0-0: Foul Ball, location: 2F 0-1: Called Strike 0-2: Ball 1-2: Fly out, F6 (Popup, 4M, EV 75.0 MPH)
|
Batting: LHB Marshall Daul
|
0-0: Ball 1-0: Ball 2-0: Ball 3-0: Called Strike 3-1: Ground out 4-3 (Groundball, 4M, EV 89.4 MPH)
|
Batting: RHB Sergio Gomez
|
0-0: Swinging Strike 0-1: Ground out 6-3 (Groundball, 6, EV 84.4 MPH)
|
Top of the 6th over - 0 runs, 1 hit, 0 errors, 1 left on base; Winnipeg 0 - Oakland 2 |
BOTTOM OF THE 6TH |
Oakland Oaks batting - Pitching for Winnipeg Goldeyes : LHP Jon Lizarraga
|
Batting: RHB Tim Anderson
|
0-0: Ground out U3 (Groundball, 13, EV 82.5 MPH)
|
Batting: RHB Chris Bohm
|
0-0: Called Strike 0-1: SOLO HOME RUN (Flyball, 78XD, EV 108.1 MPH), Distance : 442 ft
|
Batting: RHB Scott Lister
|
0-0: Ball 1-0: Foul Ball, location: 2F 1-1: Called Strike 1-2: DOUBLE (Line Drive, 78XD, EV 111.9 MPH)
|
Batting: RHB Chris Temple
|
0-0: Ball 1-0: DOUBLE (Groundball, 3L, EV 94.4 MPH) Scott Lister scores
|
Batting: RHB Walt Alaniz
|
0-0: DOUBLE (Line Drive, 7LD, EV 105.6 MPH) Chris Temple scores
|
Pitching: RHP Andrew Rich
|
|
Batting: RHB Travis Robinson
|
0-0: Ball 1-0: Swinging Strike 1-1: Swinging Strike 1-2: Ball 2-2: Ball 3-2: Strikes out swinging
|
Batting: LHB Ed Talamantes
|
0-0: Ball 1-0: TRIPLE (Flyball, 9D, EV 90.6 MPH) Walt Alaniz scores
|
Batting: RHB Don Burt
|
0-0: Called Strike 0-1: Ball 1-1: Ball 2-1: Called Strike 2-2: Foul Ball, location: 2F 2-2: DOUBLE (Groundball, 5L, EV 105.6 MPH) Ed Talamantes scores
|
Batting: RHB Ricardo Claros
|
0-0: Called Strike 0-1: Foul Ball, location: 2F 0-2: Ball 1-2: Ball 2-2: Ground out 6-3 (Groundball, 6M, EV 100.0 MPH)
|
Bottom of the 6th over - 5 runs, 6 hits, 0 errors, 1 left on base; Winnipeg 0 - Oakland 7 |
TOP OF THE 7TH |
Winnipeg Goldeyes batting - Pitching for Oakland Oaks : RHP Victor Sanchez
|
Batting: LHB David Ramos
|
0-0: Fly out, F9 (Flyball, 9, EV 88.8 MPH)
|
Batting: LHB George Roben
|
0-0: Ball 1-0: Called Strike 1-1: Foul Ball, location: 2F 1-2: SINGLE (Groundball, 4MD, EV 103.1 MPH)
|
Batting: LHB Shaun Price
|
0-0: Called Strike 0-1: Foul Ball, location: 2F 0-2: Hit by Pitch George Roben to second
|
Batting: RHB Hisao Takei
|
0-0: Called Strike 0-1: Foul Ball, location: 2F 0-2: Fly out, F8 (Flyball, 8LM, EV 90.6 MPH)
|
Batting: RHB Caleb Bockmann
|
0-0: Called Strike 0-1: Swinging Strike 0-2: Ball 1-2: Foul Ball, location: 2F 1-2: Ground out 5-3 (Groundball, 5S, EV 70.6 MPH)
|
Top of the 7th over - 0 runs, 1 hit, 0 errors, 2 left on base; Winnipeg 0 - Oakland 7 |
BOTTOM OF THE 7TH |
Oakland Oaks batting - Pitching for Winnipeg Goldeyes : RHP Andrew Rich
|
Batting: RHB Tim Anderson
|
0-0: Foul Ball, location: 2F 0-1: Swinging Strike 0-2: Strikes out looking
|
Batting: RHB Chris Bohm
|
0-0: Ground out 4-3 (Groundball, 4, EV 85.0 MPH)
|
Batting: RHB Scott Lister
|
0-0: Ball 1-0: Swinging Strike 1-1: Ball 2-1: Called Strike 2-2: Strikes out swinging
|
Bottom of the 7th over - 0 runs, 0 hits, 0 errors, 0 left on base; Winnipeg 0 - Oakland 7 |
TOP OF THE 8TH |
Winnipeg Goldeyes batting - Pitching for Oakland Oaks : RHP Victor Sanchez
|
Batting: LHB Jon Ventura
|
0-0: Foul Ball, location: 2F 0-1: Ball 1-1: Foul Ball, location: 2F 1-2: Foul Ball, location: 2F 1-2: Strikes out looking
|
Batting: RHB Tim Carter
|
0-0: Called Strike 0-1: Fly out, F3 (Flyball, 3D, EV 85.0 MPH)
|
Batting: LHB Marshall Daul
|
0-0: Called Strike 0-1: Called Strike 0-2: Ball 1-2: Foul Ball, location: 2F 1-2: Ball 2-2: Strikes out swinging
|
Top of the 8th over - 0 runs, 0 hits, 0 errors, 0 left on base; Winnipeg 0 - Oakland 7 |
BOTTOM OF THE 8TH |
Oakland Oaks batting - Pitching for Winnipeg Goldeyes : RHP Andrew Rich
|
Batting: RHB Chris Temple
|
0-0: Ball 1-0: Ball 2-0: SINGLE (Groundball, 56D, EV 103.1 MPH)
|
Batting: RHB Walt Alaniz
|
0-0: Ball 1-0: SINGLE (Groundball, 56D, EV 88.8 MPH) (infield hit) Chris Temple to second
|
Batting: RHB Travis Robinson
|
0-0: Ball 1-0: Called Strike 1-1: Foul Ball, location: 2F 1-2: DOUBLE (Line Drive, 78XD, EV 107.5 MPH) Chris Temple scores Walt Alaniz to third
|
Batting: LHB Ed Talamantes
|
0-0: Foul Ball, location: 2F 0-1: Foul Ball, location: 2F 0-2: Foul Ball, location: 2F 0-2: Foul Ball, location: 2F 0-2: Foul Ball, location: 2F 0-2: Ball 1-2: Foul Ball, location: 2F 1-2: Foul Ball, location: 2F 1-2: Foul Ball, location: 2F 1-2: Fly out, F8 (Flyball, 8RD, EV 106.2 MPH) Runner from 3rd tags up, SCORES, throw by CF Travis Robinson to third
|
Pitching: RHP Gary Triska
|
|
Batting: RHB Don Burt
|
0-0: Fly out, F4 (Popup, 4, EV 65.0 MPH)
|
Batting: RHB Ricardo Claros
|
0-0: Called Strike 0-1: Ball 1-1: Foul Ball, location: 2F 1-2: Foul Ball, location: 2F 1-2: Foul Ball, location: 2F 1-2: Strikes out swinging
|
Bottom of the 8th over - 2 runs, 3 hits, 0 errors, 1 left on base; Winnipeg 0 - Oakland 9 |
TOP OF THE 9TH |
Winnipeg Goldeyes batting - Pitching for Oakland Oaks : RHP Victor Sanchez
|
Batting: RHB Sergio Gomez
|
0-0: Ball 1-0: Foul Ball, location: 2F 1-1: Ball 2-1: Fly out, F7 (Flyball, 7D, EV 106.2 MPH)
|
Batting: LHB David Ramos
|
0-0: SOLO HOME RUN (Flyball, 9D, EV 100.0 MPH), Distance : 402 ft
|
Batting: LHB George Roben
|
0-0: Ground out 6-3 (Groundball, 6, EV 83.8 MPH)
|
Batting: LHB Shaun Price
|
0-0: Ball 1-0: Foul Ball, location: 2F 1-1: Called Strike 1-2: Strikes out swinging
|
Top of the 9th over - 1 run, 1 hit, 0 errors, 0 left on base; Winnipeg 1 - Oakland 9 |
|